 Dungeon Crawl Stone Soup version 0.28.0-43-g3370ac3207 (webtiles) character file.

Game seed: 11859918842793889313

48 smarlow the Skirmisher (level 3, -13/34 HPs)
             Began as a Minotaur Fighter on Mar 3, 2022.
             Mangled by an ogre
             ... wielding a +0 giant spiked club
              (22 damage)
             ... on level 2 of the Dungeon.
             The game lasted 00:01:11 (1277 turns).

smarlow the Skirmisher (Minotaur Fighter)           Turns: 1277, Time: 00:01:12

Health: -13/34     AC:  7    Str: 22    XL:     3   Next: 50%
Magic:  2/2        EV:  9    Int:  5    God:
Gold:   72         SH:  4    Dex:  9    Spells: 2/2 levels left

rFire   . . .      SeeInvis .   a - +0 war axe
rCold   . . .      Faith    .   c - +0 buckler
rNeg    . . .      Spirit   .   b - +0 scale mail
rPois   .          Reflect  .   (helmet restricted)
rElec   .          Harm     .   (no cloak)
rCorr   .          Rampage  .   (no gloves)
Will    .....                   (no boots)
Stlth   ..........              (no amulet)
HPRegen 0.11/turn               (no ring)
MPRegen 0.08/turn               (no ring)

@: mighty
A: horns 2, retaliatory headbutt
a: no special abilities


You were on level 2 of the Dungeon.
You visited 1 branch of the dungeon, and saw 2 of its levels.

You collected 72 gold pieces.

Inventory:

Hand Weapons
 a - a +0 war axe (weapon)
Armour
 b - a +0 scale mail (worn)
 c - a +0 buckler (worn)
Scrolls
 e - 2 scrolls of identify {unknown}
 g - a scroll of immolation {unknown}
 i - a scroll of fog {unknown}
 j - a scroll of summoning {unknown}
 k - a scroll of magic mapping {unknown}
 m - a scroll of acquirement {unknown}
Potions
 f - 2 potions of curing {unknown}
 h - a potion of heal wounds {unknown}
 l - a potion of cancellation {unknown}


   Skills:
 * Level 4.3 Fighting
 * Level 3.3 Axes
 + Level 4.0 Armour
 + Level 4.0 Shields


You had 2 spell levels left.
You didn't know any spells.
Your spell library was empty.

Dungeon Overview and Level Annotations

Branches:
Dungeon (2/15)

Altars:
Cheibriados


Innate Abilities, Weirdness & Mutations

You have a pair of horns on your head.
You reflexively headbutt those who attack you in melee.


Message History

You feel sick.
You feel sick.
You feel sick.
You are no longer poisoned.
You now have 59 gold pieces (gained 13).
Things that are here:
a +0 club; a goblin corpse
l - a glowing ruby potion You now have 72 gold pieces (gained 13).
Found a dagger.
There is an escape hatch in the floor here.
A rat comes into view.
The rat twitches its whiskers.
A rat is nearby!
You block the rat's attack.
You hit the rat.
You kill the rat!
No target in view!
No target in view!
m - a scroll labelled RUMAMO DAUSHRA You open the door.
An ogre comes into view. It is wielding a +0 giant spiked club.
The ogre shouts!
An ogre is nearby!
There is an open door here.
You hit the ogre.
The ogre is lightly wounded.
The ogre hits you with a +0 giant spiked club!!
Ouch! That really hurt!
* * * LOW HITPOINT WARNING * * *
You are too injured to fight recklessly!
You are too injured to fight recklessly!
You block the ogre's attack.
You feel very mighty all of a sudden. The ogre barely misses you.
You slash the ogre!
The ogre is severely wounded.
The ogre hits you with a +0 giant spiked club!!
Ouch! That really hurt!
You die...

######## ........#
###### ........#
#....# ........#
#....# ........#
###....#
........####...#.##
.........##..###.#
.........##.## #@#
.............#
#O###
........#.##.#
#...## ..........#
## #.#..#
.########## ####'#
## ♣.♣ ♣.♣ .♣.
##### ♣ ♣


You could see an ogre.

Vanquished Creatures
  2 adders (D:2)
  A worm (D:2)
  4 ball pythons
  7 bats (D:1)
  A giant cockroach (D:2)
  3 goblins (D:2)
  A hobgoblin (D:1)
  2 frilled lizards (D:1)
  4 kobolds
  4 rats
29 creatures vanquished.

Notes
Turn   | Place    | Note
-------+----------+-------------------------------------------
     0 | D:1      | smarlow the Minotaur Fighter began the quest for the Orb.
     0 | D:1      | Reached XP level 1. HP: 19/19 MP: 0/0
   269 | D:1      | Reached XP level 2. HP: 27/27 MP: 1/1
   689 | D:2      | Found a snail-covered altar of Cheibriados.
   697 | D:2      | Reached XP level 3. HP: 31/33 MP: 2/2
   828 | D:2      | Found a faded altar of an unknown god.
  1268 | D:2      | Noticed an ogre
  1277 | D:2      | Mangled by an ogre

Illustrated notes

Levels and vault maps discovered:
D:1:      ncdulo_lavacross, layout_loops_ring
D:2:      layout_rooms, basic_altar, chequers_ecumenical_altar_island,
          kennysheep_generic_room_9

Skill      XL: |  1  2  3 |
---------------+----------+-----
Fighting       | 4 |  4.3
Axes           | 3 |  3.3
Armour         | 4 |  4.0
Shields        | 4 |  4.0

Action                   || total
-------------------------++-------
Melee: War axe           ||    57
       Headbutt          ||    10
  Use: Potion            ||     1
Armor: Scale mail        ||    27
Dodge: Dodged            ||    33
Block: Buckler           ||    12
